 Dungeon Crawl Stone Soup version 0.23.2-11-gf996548 (webtiles) character file.

Game seed: 13078906406948688860

4382 Fang the Fighter (level 10, -4/65 HPs)
             Began as a Gargoyle Berserker on June 5, 2019.
             Was a High Priest of Trog.
             Killed from afar by an orc wizard (10 damage)
             ... with a puff of flame
             ... on level 8 of the Dungeon.
             The game lasted 00:07:04 (7395 turns).

Fang the Fighter (Gargoyle Berserker)               Turns: 7395, Time: 00:07:05

Health: -4/65      AC: 23    Str: 24    XL:     10   Next: 35%
Magic:  10/10      EV:  9    Int:  8    God:    Trog [*****.]
Gold:   423        SH:  0    Dex:  9    Spells: 9/9 levels left

rFire    . . .     SeeInvis .   a - +0 war axe
rCold    . . .     Gourm    .   (no shield)
rNeg     + . .     Faith    .   b - +3 plate armour
rPois    ∞         Spirit   .   (no helmet)
rElec    +         Reflect  .   (no cloak)
rCorr    .         Harm     .   (no gloves)
MR       .....                  (no boots)
Stlth    ..........             (no amulet)
HPRegen  0.20/turn              (no ring)
MPRegen  0.12/turn              (no ring)

@: berserk cooldown, slowed, very slow
A: negative energy resistance 1, electricity resistance, unbreathing,
petrification resistance, rot immunity, AC +7
a: Berserk, Trog's Hand, Brothers in Arms, Renounce Religion


You were on level 8 of the Dungeon.
You worshipped Trog.
Trog was extremely pleased with you.
You were hungry.

You visited 2 branches of the dungeon, and saw 9 of its levels.
You also visited: Sewer.

You collected 423 gold pieces.

Inventory:

Hand Weapons
 a - a +0 war axe (weapon)
Armour
 b - a +3 plate armour (worn)
Jewellery
 q - an uncursed ring of protection from magic {unknown}
Wands
 p - a wand of paralysis (8)
 s - a wand of digging (7)
 x - a wand of enslavement (7)
 y - a wand of flame (19)
 z - a wand of disintegration (14)
Scrolls
 d - 2 scrolls of blinking {unknown}
 i - 2 scrolls of amnesia {unknown}
 j - 5 scrolls of remove curse {unknown}
 k - 3 scrolls of immolation {unknown}
 l - 12 scrolls of identify {unknown}
 o - 5 scrolls of magic mapping {unknown}
 r - 3 scrolls of random uselessness {unknown}
 t - 2 scrolls of teleportation {unknown}
 v - a scroll of fog {unknown}
 w - 2 scrolls of enchant armour {unknown}
Potions
 e - 5 potions of flight {unknown}
 f - 3 potions of might {unknown}
 g - 4 potions of agility {unknown}
 h - 5 potions of curing {unknown}
 m - 3 potions of degeneration {unknown}
 n - 3 potions of brilliance {unknown}
 u - 3 potions of haste {unknown}
Comestibles
 c - 12 rations
 A - 3 chunks of flesh


   Skills:
 + Level 8.8 Fighting
 + Level 7.3 Axes
 + Level 8.3 Armour
 + Level 6.3 Dodging


You had 9 spell levels left.
You didn't know any spells.
Your spell library was empty.

Dungeon Overview and Level Annotations

Branches:
Dungeon (8/15)             Temple (1/1) D:6
   Lair: D:8-11

Altars:
Ashenzari
Dithmenos
Makhleb
Nemelex Xobeh
Ru
Sif Muna
Vehumet
Wu Jian
Xom
The Shining One


Innate Abilities, Weirdness & Mutations

You are resistant to torment.
Your stone body is resilient. (AC +7)
You are immune to poison.
You resist negative energy. (rN+)
You are resistant to electric shocks. (rElec)
You can survive without breathing.
You are immune to petrification.
You are immune to rotting.


Message History

You feel yourself slow down.
The orc wizard points at you and mumbles some strange words.
The puff of flame hits you but does no damage.
Things that are here:
a +0 mace; a +0 chain mail; an orc corpse The orc wizard casts a spell at you.
You easily resist.
Found a scroll labeled GOUXZI UWKI.
You feel less confused. The orc wizard barely misses you.
The orc wizard misses you.
Some of the chunks of flesh in your inventory have rotted away.
Things that are here:
a +0 mace; a +0 chain mail; an orc corpse The orc wizard gestures wildly while chanting.
The orc wizard flickers and vanishes!
Deactivating autopickup; reactivate with Ctrl-A.
You hear some strange, mumbled words.
A puff of flame appears from out of thin air!
The puff of flame hits you!
You die...

#.........#### #.######..#
# #.######..#######.##.#
#.......<.....)......#
#..###.#..####)##...##
#..###.#..# #.####.#
#......#..# #...?..#
##.#####..# #..##### #.#
#..# #@.# #.# ###..####..#
#.###............ ##
#.##.###.#......... #. ..
#.##.# #........##.# #.# #.
#.##.###.###..... .. ..#.#
#. #...............#.# .
.....
######...###.##.#...###.#.#
#...###.##.##.##...#.#


There were no monsters in sight!

Vanquished Creatures
  Pikel (D:6)
  Grinder (D:6)
  A hornet (D:7)
  A hippogriff (D:8)
  Duvessa (D:6)
  A water moccasin (D:6)
  An orc warrior (D:8)
  3 slaves (D:6)
  Purgy (Sewer)
  2 sky beasts
  An ice beast (D:6)
  2 phantoms
  4 centaurs
  4 ogres
  A big kobold (D:7)
  A wyvern zombie (D:4)
  Dowan (D:6)
  2 scorpions
  5 wights (D:8)
  3 howler monkeys
  A centaur zombie (D:5)
  4 bullfrog zombies (D:5)
  3 crimson imps
  A bullfrog skeleton (D:8)
  7 hounds
  A centaur skeleton (D:8)
  A jelly (D:5)
  2 orc priests
  2 orc wizards
  Natasha (thrice) (D:2)
  An iguana (D:5)
  4 worker ants
  A hound zombie (D:5)
  A hound skeleton (D:5)
  4 worker ant zombies
  13 adders
  A shadow imp (D:5)
  2 oozes
  2 adder zombies (D:5)
  2 adder skeletons (D:5)
  2 worms
  2 dart slugs
  7 leopard geckos
  27 orcs
  4 ball pythons
  5 bats
  10 giant cockroaches
  2 goblins
  5 hobgoblins
  8 jackals
  14 kobolds
  4 quokkas
  12 frilled lizards
  A giant cockroach zombie (D:5)
  A jackal zombie (D:5)
  2 leopard gecko skeletons
  A leopard gecko zombie (D:5)
  A quokka zombie (D:5)
  16 rats
217 creatures vanquished.

Vanquished Creatures (others)
  A quokka (D:2)
1 creature vanquished.

Grand Total: 218 creatures vanquished

Notes
Turn   | Place    | Note
-------+----------+-------------------------------------------
     0 | D:1      | Fang the Gargoyle Berserker began the quest for the Orb.
     0 | D:1      | Reached XP level 1. HP: 14/14 MP: 1/1
    68 | D:1      | Reached XP level 2. HP: 18/19 MP: 2/2
   289 | D:1      | Reached XP level 3. HP: 21/23 MP: 3/3
   331 | D:1      | Reached ** piety under Trog
   903 | D:2      | Found a radiant altar of Vehumet.
   906 | D:2      | Noticed Natasha
   920 | D:2      | Reached XP level 4. HP: 20/29 MP: 4/4
   931 | D:2      | Killed Natasha
  1317 | D:2      | Noticed Natasha
  1335 | D:2      | Killed Natasha
  1608 | D:2      | Reached XP level 5. HP: 33/33 MP: 5/5
  1667 | D:2      | Noticed Natasha
  1678 | D:2      | Killed Natasha
  2019 | D:3      | Found a glowing drain.
  2021 | D:3      | Reached *** piety under Trog
  2030 | Sewer    | Entered a sewer
  2327 | Sewer    | Noticed Purgy
  2344 | Sewer    | Killed Purgy
  2344 | Sewer    | Reached XP level 6. HP: 22/39 MP: 6/6
  3509 | D:4      | Reached skill level 5 in Fighting
  3644 | D:4      | Reached XP level 7. HP: 37/44 MP: 7/7
  3799 | D:4      | Found a shadowy altar of Dithmenos.
  3988 | D:4      | Found a sparkling altar of Nemelex Xobeh.
  4120 | D:4      | Reached **** piety under Trog
  4149 | D:4      | Reached skill level 5 in Armour
  4392 | D:5      | Entered Level 5 of the Dungeon
  4407 | D:5      | Reached XP level 8. HP: 44/51 MP: 8/8
  4455 | D:5      | Reached skill level 5 in Axes
  4803 | D:5      | Found a glowing golden altar of the Shining One.
  4972 | D:6      | Found a shadowy altar of Dithmenos.
  4980 | D:6      | Noticed Duvessa
  4980 | D:6      | Noticed Dowan
  4987 | D:6      | Killed Duvessa
  4988 | D:6      | Killed Dowan
  4995 | D:6      | Reached ***** piety under Trog
  4995 | D:6      | Reached XP level 9. HP: 56/56 MP: 9/9
  5084 | D:6      | Reached skill level 5 in Dodging
  5361 | D:6      | Noticed Pikel
  5379 | D:6      | Killed Pikel
  5415 | D:6      | Found a staircase to the Ecumenical Temple.
  5484 | Temple   | Entered the Ecumenical Temple
  5767 | D:6      | Found a sacrificial altar of Ru.
  5767 | D:6      | Noticed Grinder
  5787 | D:6      | Killed Grinder
  5794 | D:6      | Found a shattered altar of Ashenzari.
  5807 | D:6      | Found a shimmering altar of Xom.
  5810 | D:6      | Found a burning altar of Makhleb.
  6002 | D:6      | Found a deep blue altar of Sif Muna.
  6179 | D:7      | Noticed a hornet
  6216 | D:7      | Killed a hornet
  6216 | D:7      | Reached XP level 10. HP: 55/64 MP: 10/10
  6304 | D:7      | Received a gift from Trog
  7162 | D:8      | Found an ornate altar of the Wu Jian Council.
  7395 | D:8      | Killed from afar by an orc wizard

Skill      XL: |  1  2  3  4  5  6  7  8  9 10 |
---------------+-------------------------------+-----
Axes           | 3 4 5 6 7 |  7.3
Dodging        | 2 3 4 6 |  6.3
Fighting       | 4 5 6 8 |  8.8
Armour         | 3 4 5 6 7 8 |  8.3

Action                   |  1- 3 |  4- 6 |  7- 9 | 10-12 || total
-------------------------+-------+-------+-------+-------++-------
Melee: Hand axe          |   136 |   189 |   584 |    11 ||   920
       War axe           |       |       |       |   156 ||   156
Invok: Berserk           |       |     5 |     4 |     2 ||    11
 Stab: Sleeping          |     1 |       |       |       ||     1
  Eat: Chunk             |       |    11 |    12 |     6 ||    29
       Ration            |       |     1 |       |       ||     1
Armor: Animal skin       |    49 |    77 |       |       ||   126
       Plate armour      |       |    20 |   482 |   134 ||   636
Dodge: Dodged            |   101 |   141 |   298 |    80 ||   620
